 Dungeon Crawl Stone Soup version 0.21.1-1-g345015f (webtiles) character file.

424059 prawnwizard the Metallomancer (level 23, -7/156 HPs)
             Began as a Gargoyle Earth Elementalist on July 4, 2018.
             Was the Champion of Vehumet.
             Shot with a bolt by a yaktaur (24 damage)
             ... on level 3 of the Depths on July 5, 2018.
             The game lasted 05:57:46 (60995 turns).

prawnwizard the Metallomancer (GrEE)               Turns: 60995, Time: 05:57:47

Health: -7/156     AC: 36    Str: 14    XL:     23   Next: 77%
Magic:  4/42       EV: 14    Int: 33    God:    Vehumet [******]
Gold:   2910       SH: 11    Dex:  7    Spells: 5/52 levels left

rFire    . . .     SeeInvis +   M - staff of earth
rCold    + + .     Gourm    .   W - +0 buckler {rC+}
rNeg     + + .     Faith    .   V - +0 ring mail "Cerchaub" {rN+ rCorr Int+2 Dex-3}
rPois    ∞         Spirit   .   E - +2 helmet
rElec    +         Reflect  +   z - +2 cloak {MR+}
rCorr    +         Harm     .   Q - +2 pair of gloves
MR       ++...                  o - +0 pair of boots
Stlth    ++........             A - +5 amulet of reflection
HPRegen  0.36/turn              j - ring "Saarph" {Wiz *Contam rC+ Int+7 Stlth+}
MPRegen  0.28/turn              D - ring of see invisible

@: no status effects
A: big wings, negative energy resistance 1, electricity resistance, unbreathing,
petrification resistance, rot immunity, AC +17
}: 2/15 runes: barnacled, gossamer
a: Fly, Renounce Religion


You were on level 3 of the Depths.
You worshipped Vehumet.
Vehumet was exalted by your worship.
You were not hungry.

You visited 9 branches of the dungeon, and saw 43 of its levels.
You visited the Abyss 1 time.
You visited 1 bazaar.
You also visited: Wizlab.

You collected 4661 gold pieces.
You spent 1751 gold pieces at shops.

Inventory:

Missiles
 b - 233 stones (quivered)
Armour
 o - a +0 pair of boots (worn)
 v - the +10 large shield of the Hart {*Drain rPois Regen+ Str+4}
   (You found it on level 2 of the Vaults)

   It affects your strength (+4).
   It protects you from poison.
   It increases your rate of regeneration.
   It causes draining when unequipped.
 z - a +2 cloak of magic resistance (worn)
 E - a +2 helmet (worn)
 Q - a +2 pair of gloves (worn)
 V - the +0 ring mail "Cerchaub" (worn) {rN+ rCorr Int+2 Dex-3}
   (You found it on level 3 of the Elven Halls)

   It affects your intelligence (+2).
   It affects your dexterity (-3).
   It protects you from negative energy.
   It protects you from acid and corrosion.
 W - a +0 buckler of cold resistance (worn)
Magical Staves
 M - an uncursed staff of earth (weapon)
Jewellery
 h - an uncursed ring of protection from cold
 j - the ring "Saarph" (left hand) {Wiz *Contam rC+ Int+7 Stlth+}
   (You bought it in a shop on level 2 of the Orcish Mines)

   [ring of wizardry]

   It improves your spell success rate.
   It affects your intelligence (+7).
   It protects you from cold.
   It causes magical contamination when unequipped.
   It makes you more stealthy.
 k - an uncursed ring of positive energy
 u - the ring "Nitziar" {rCorr Str+9 Int+4}
   (You took it off a deep elf elementalist on level 3 of the Elven Halls)

   [ring of resist corrosion]

   It affects your strength (+9).
   It affects your intelligence (+4).
 A - a +5 amulet of reflection (around neck)
 B - an uncursed ring of protection from magic
 D - a ring of see invisible (right hand)
 Y - an uncursed ring of protection from fire
Wands
 a - a wand of acid (6)
 c - a wand of enslavement (7)
 q - a wand of iceblast (22)
 w - a wand of disintegration (44)
 F - a wand of digging (21)
 O - a wand of polymorph (43)
 T - a wand of scattershot (8)
Scrolls
 f - a scroll of fog
 l - 16 scrolls of teleportation
 m - 22 scrolls of identify
 p - 3 scrolls of summoning
 r - 2 scrolls of magic mapping
 t - 10 scrolls of blinking
 H - 7 scrolls of enchant weapon
 I - a scroll of acquirement
 K - 6 scrolls of enchant armour
 R - 7 scrolls of fear
Potions
 g - 22 potions of curing
 i - 6 potions of ambrosia
 n - 2 potions of berserk rage
 C - 3 potions of haste
 J - 10 potions of brilliance
 N - 2 potions of cancellation
 X - 3 potions of mutation
 Z - 3 potions of magic
Books
 e - a book of Geomancy

   Spells                             Type                      Level
   a - Sandblast                      Earth                        1
   b - Passwall                       Transmutation/Earth          2
   c - Stone Arrow                    Conjuration/Earth            3
   d - Petrify                        Transmutation/Earth          4
   e - Lee's Rapid Deconstruction     Earth                        5
 s - a book of the Warp

   Spells                             Type                      Level
   a - Gell's Gravitas                Translocation                3
   b - Portal Projectile              Hexes/Translocation          3
   c - Force Lance                    Conjuration/Translocation    4
   d - Dispersal                      Translocation                6
   e - Controlled Blink               Translocation                8
   f - Disjunction                    Translocation                8
 x - a book of Spatial Translocations

   Spells                             Type                      Level
   a - Blink                          Translocation                2
   b - Shroud of Golubria             Charms/Translocation         2
   c - Lesser Beckoning               Translocation                3
   d - Gell's Gravitas                Translocation                3
   e - Teleport Other                 Translocation                3
   f - Passage of Golubria            Translocation                4
 y - a book of the Earth

   Spells                             Type                      Level
   a - Leda's Liquefaction            Hexes/Earth                  4
   b - Bolt of Magma                  Conjuration/Fire/Earth       5
   c - Statue Form                    Transmutation/Earth          6
   d - Iron Shot                      Conjuration/Earth            6
   e - Shatter                        Earth                        9
 L - a book of Burglary

   Spells                             Type                      Level
   a - Swiftness                      Charms/Air                   2
   b - Passwall                       Transmutation/Earth          2
   c - Passage of Golubria            Translocation                4
   d - Lee's Rapid Deconstruction     Earth                        5
   e - Darkness                       Hexes                        6
   f - Invisibility                   Hexes                        6
 P - a book of Debilitation

   Spells                             Type                      Level
   a - Corona                         Hexes                        1
   b - Slow                           Hexes                        2
   c - Inner Flame                    Hexes/Fire                   3
   d - Portal Projectile              Hexes/Translocation          3
   e - Cause Fear                     Hexes                        4
   f - Leda's Liquefaction            Hexes/Earth                  4
 U - a book of Transfigurations

   Spells                             Type                      Level
   a - Irradiate                      Conjuration/Transmutation    5
   b - Statue Form                    Transmutation/Earth          6
   c - Hydra Form                     Transmutation                6
   d - Dragon Form                    Transmutation                7
Miscellaneous
 S - a crystal ball of energy
Comestibles
 d - 26 rations


   Skills:
 * Level 20.1 Fighting
   Level 9.0(9.6) Maces & Flails
 - Level 5.0(7.6) Staves
 - Level 10.6 Armour
 - Level 10.2 Dodging
 - Level 2.1 Stealth
 * Level 12.9 Shields
 - Level 15.0 Spellcasting
 - Level 8.6 Conjurations
 - Level 3.1 Translocations
 - Level 0.7 Transmutations
 - Level 2.1 Fire Magic
 + Level 24.6 Earth Magic
 - Level 9.3 Evocations


You had 5 spell levels left.
You knew the following spells:

 Your Spells              Type           Power        Failure   Level  Hunger
a - Sandblast             Erth           ######       0%          1    None
b - Lee's Rapid Deconstr  Erth           ########..   0%          5    None
c - Blink                 Tloc           N/A          1%          2    None
d - Conjure Flame         Conj/Fire      ######..     1%          3    None
e - Stone Arrow           Conj/Erth      ######       0%          3    None
f - Yara's Violent Unrav  Hex/Tmut       ####......   8%          5    None
g - Shatter               Erth           ########..   1%          9    #######
h - Iron Shot             Conj/Erth      ########..   1%          6    ##.....
i - Bolt of Magma         Conj/Fire/Erth ########..   1%          5    None
j - Lehudib's Crystal Sp  Conj/Erth      ########..   2%          8    ######.


Dungeon Overview and Level Annotations

Branches:
Dungeon (15/15)            Temple (1/1) D:4            Lair (6/6) D:11
 Shoals (4/4) Lair:2       Spider (4/4) Lair:2        Slime (0/5) Lair:5
    Orc (2/2) D:9             Elf (3/3) Orc:2        Vaults (5/5) D:14
  Crypt (0/3) Vaults:3     Depths (3/5) D:15

Altars:
Ashenzari
Cheibriados
Elyvilon
Fedhas
Gozag
Hepliaklqana
Kikubaaqudgha
Makhleb
Nemelex Xobeh
Okawaru
Qazlal
Ru
Sif Muna
Trog
Vehumet
Wu Jian
Xom
Yredelemnul
Zin
The Shining One
Beogh
Lugonu

Shops:
D:7 *   D:12 *}   Orc:2 ===:   Elf:1 %}?=   Elf:3 [((=   Vaults:2 *
Depths:1 *==}

Portals:
Hell: Depths:1 Depths:2 Depths:3
Pandemonium: Depths:1

Annotations:
Lair:6 mistaj's ghost, journeyman DDFi
Vaults:5 mistaj's ghost, adept DsMo


Innate Abilities, Weirdness & Mutations

You are resistant to torment.
Your stone body is resilient. (AC +17)
You are immune to poison.
Your large and strong wings let you fly indefinitely.
You resist negative energy. (rN+)
You are resistant to electric shocks. (rElec)
You can survive without breathing.
You are immune to petrification.
You are immune to rotting.


Message History

Vehumet accepts your kill.
You feel your power returning.
You feel a bit more experienced.
You hear a shout!
The yaktaur shoots a bolt.
The bolt hits you.
* * * LOW HITPOINT WARNING * * *
Your magical contamination has completely faded away.
The yaktaur shoots a bolt.
The bolt hits you!
* * * LOW HITPOINT WARNING * * *
You see here a bolt.
There are no items here.
Casting: Lee's Rapid Deconstruction
Confirm with . or Enter, or press ? or * to list all spells.
Aiming: Lee's Rapid Deconstruction
Press: ? - help, Dir - move target cursor You feel a surge of power!
The wall shatters!
The blast of rock fragments hits the yaktaur.
The yaktaur is almost dead.
You hear a horrible gurgling sound! x2; You hear a shout! x2
The yaktaur shoots a bolt.
The bolt hits you!!
You die...

#. ##.......)) ##### #
##........ ..... ..........)
.... .....†.....† # ... #
#.##....)... c # #. #'# .#
#.#....#.... #.#.#####.####.#
##........
.............###.##.......†
####.....(.(@..........†.†[..
...'.#.##c###..###.......(...
#.........................
#..(##......###...........
#...######..# ..#.....##.
#c#.# ..# #.####..##. #.#.#
..# #.# #..... #.#.# ..# #.#
#.###. #(#.# #.# #.# #.


You could see a yaktaur.

Vanquished Creatures
  Nikola (Elf:3)
  the Enchantress (Depths:2)
  2 liches
  4 deep elf master archers
  Asterion (Elf:1)
  6 deep elf blademasters
  2 krakens
  3 sphinxes
  A storm dragon (Vaults:2)
  2 tengu reavers
  Ilsuiw (Shoals:4)
  5 fire giants
  6 frost giants
  5 deep elf sorcerers
  14 vault wardens
  5 ghost moths
  2 orc warlords
  6 deep elf elementalists (Elf:3)
  2 emperor scorpions (Spider:4)
  7 ironheart preservers
  8 stone giants
  22 very ugly things
  3 spriggan defenders (Depths:2)
  6 entropy weavers
  13 deep elf demonologists
  A vampire knight (Depths:1)
  3 spark wasps
  10 deep elf annihilators
  5 dire elephants (Lair:6)
  4 ettins
  4 merfolk javelineers (Shoals:4)
  Snorg (Lair:4)
  7 fire dragons
  Josephine (D:11)
  3 yaktaur captains
  4 deep elf high priests
  5 deep elf death magi
  10 merfolk impalers
  6 great orbs of eyes
  4 hydras
  31 vault guards
  5 rakshasas
  3 spriggan air magi
  The ghost of Gingerlord the Unseen, a journeyman SpEn of Dithmenos (Lair:6)
  6 centaur warriors
  5 ice dragons
  A ghost crab (WizLab)
  23 two-headed ogres
  2 catoblepae
  An anaconda (Lair:6)
  An alligator snapping turtle (Shoals:4)
  7 tengu warriors
  11 merfolk avatars
  4 ogre magi
  24 dancing weapons
  8 merfolk aquamancers
  2 death knights
  8 death yaks
  3 satyrs
  8 deep troll earth magi
  5 deep troll shamans
  A spriggan berserker (Depths:2)
  A queen ant (shapeshifter) (D:15)
  4 orc high priests (Orc:2)
  A shock serpent (WizLab)
  13 deep elf knights
  5 hell knights (Depths:2)
  A fire crab (Lair:5)
  A soul eater (Depths:1)
  A shadow wraith (Vaults:2)
  4 iron trolls
  An unseen horror (shapeshifter) (Vaults:3)
  23 deep trolls
  13 deep elf archers
  4 unseen horrors
  9 sea snakes
  A sea snake (shapeshifter) (Depths:2)
  A phantasmal warrior (Depths:3)
  4 glowing orange brains
  2 wizards
  2 harpies (shapeshifter)
  15 harpies
  14 ironbrand convokers
  13 orc knights
  A necromancer (Vaults:3)
  Pikel (D:7)
  18 orb spiders
  49 deep elf magi
  40 ugly things
  7 orc sorcerers
  25 wolf spiders
  2 salamanders (Depths:2)
  6 cyclopes
  10 manticores
  12 fauns
  8 elephants
  A black mamba (Lair:3)
  4 torpor snails
  10 merfolk sirens
  10 vault sentinels
  A rust devil (Depths:1)
  A gargoyle (D:15)
  Maurice (D:9)
  A smoke demon (Depths:1)
  7 water nymphs
  2 spiny frogs (shapeshifter)
  5 spectral swamp worms (Depths:1)
  A hellion (Depths:1)
  10 spiny frogs
  A rime drake (shapeshifter) (D:15)
  4 rime drakes
  5 komodo dragons
  3 kobold demonologists (D:15)
  9 demonic crawlers
  A tengu conjurer (Depths:1)
  42 yaktaurs
  A yaktaur (shapeshifter) (Depths:1)
  4 freezing wraiths
  7 polar bears
  11 hornets
  25 jumping spiders
  5 trolls
  6 wind drakes
  31 merfolk
  24 slime creatures
  15 blink frogs
  15 hippogriffs
  A fire giant simulacrum (Vaults:2)
  10 snapping turtles
  4 dream sheep
  8 air elementals
  57 redbacks
  A spriggan (shapeshifter) (Vaults:4)
  3 spriggans (Depths:2)
  2 shadows
  2 vampires
  5 wyverns
  7 wraiths
  27 tarantellas
  A hog (shapeshifter) (Elf:2)
  A basilisk (Lair:6)
  A yak (shapeshifter) (Vaults:3)
  9 water elementals
  31 yaks
  3 fire elementals
  A human simulacrum (Vaults:3)
  4 humans (Vaults:4)
  7 vampire mosquitoes
  Grum (D:9)
  A chaos spawn (Depths:1)
  2 hungry ghosts
  7 wargs
  A swamp worm (shapeshifter) (Depths:1)
  2 acid dragons
  9 water moccasins
  A soldier ant (D:12)
  9 porcupines
  2 floating eyes (shapeshifter) (Vaults:3)
  An ice beast (shapeshifter) (Depths:3)
  3 ice beasts
  2 eyes of draining
  A sky beast (D:8)
  A black bear (D:10)
  65 orc warriors
  5 phantoms
  13 boggarts
  10 wolves
  15 centaurs
  16 crocodiles
  24 ogres
  7 big kobolds
  10 bullfrogs
  2 gnoll sergeants (D:9)
  An ogre simulacrum (Vaults:1)
  2 earth elementals (Elf:2)
  4 scorpions
  4 killer bees
  12 wights
  3 electric eels
  3 howler monkeys (D:10)
  7 crimson imps
  A bullfrog zombie (D:12)
  2 quasits
  8 hounds
  9 jellies
  37 orc priests
  Crazy Yiuf (D:5)
  6 bullfrog skeletons
  26 orc wizards
  3 centaur skeletons
  5 iguanas
  7 worker ants
  3 hound skeletons
  A worker ant zombie (D:5)
  8 adders
  7 gnolls
  3 shadow imps
  A white imp (Abyss:1)
  2 oozes (D:1)
  An adder skeleton (D:8)
  A worm (D:5)
  A dart slug (D:1)
  4 leopard geckos
  110 orcs
  2 ball pythons (D:1)
  3 giant cockroaches
  7 goblins
  5 hobgoblins
  4 jackals
  3 quokkas
  4 bats
  2 frilled lizards
  A jackal skeleton (D:8)
  24 kobolds
  A leopard gecko zombie (D:6)
  3 rats
  14 plants
  8 tentacles
1690 creatures vanquished.

Vanquished Creatures (others)
  3 stone giants
  A faun (Shoals:2)
  2 yaktaurs (Vaults:4)
  3 slaves (D:7)
  A leopard gecko (D:11)
  2 orcs (Orc:1)
  3 bushes (Lair:6)
  38 fungi
  38 plants
  13 tentacles
104 creatures vanquished.

Grand Total: 1794 creatures vanquished

Notes
Turn   | Place    | Note
-------+----------+-------------------------------------------
     0 | D:1      | prawnwizard the Gargoyle Earth Elementalist began the quest for the Orb.
     0 | D:1      | Reached XP level 1. HP: 10/10 MP: 3/3
   157 | D:1      | Reached XP level 2. HP: 8/15 MP: 0/5
   303 | D:1      | Reached skill level 4 in Earth Magic
   640 | D:1      | Reached XP level 3. HP: 18/19 MP: 6/6
  1437 | D:2      | Found a glowing golden altar of the Shining One.
  1722 | D:2      | Reached XP level 4. HP: 24/24 MP: 6/8
  1739 | D:2      | Reached skill level 5 in Earth Magic
  2211 | D:3      | Found an iron altar of Okawaru.
  2211 | D:3      | Found a bloodstained altar of Trog.
  2887 | D:3      | Reached XP level 5. HP: 23/28 MP: 10/10
  3134 | D:4      | Found a staircase to the Ecumenical Temple.
  3149 | Temple   | Entered the Ecumenical Temple
  3250 | Temple   | Became a worshipper of Vehumet
  3278 | Temple   | Learned a level 5 spell: Lee's Rapid Deconstruction
  3304 | D:4      | Noticed an ogre
  3309 | D:4      | Killed an ogre
  3474 | D:4      | Reached skill level 6 in Earth Magic
  3481 | D:4      | Reached XP level 6. HP: 14/32 MP: 8/12
  3820 | D:4      | Noticed a phantom
  3830 | D:4      | Killed a phantom
  3994 | D:4      | Noticed a phantom
  4004 | D:4      | Killed a phantom
  4004 | D:4      | Reached skill level 5 in Spellcasting
  4004 | D:4      | Reached skill level 7 in Earth Magic
  4004 | D:4      | Reached XP level 7. HP: 24/36 MP: 6/14
  4334 | D:5      | Entered Level 5 of the Dungeon
  4365 | D:5      | Found a bloodstained altar of Trog.
  4809 | D:5      | Reached skill level 8 in Earth Magic
  4960 | D:5      | Found a white marble altar of Elyvilon.
  5109 | D:5      | Found a runed door.
  5146 | D:5      | Reached XP level 8. HP: 41/41 MP: 12/17
  5556 | D:5      | Noticed Crazy Yiuf
  5560 | D:5      | Cast into level 1 of the Abyss (Crazy Yiuf)
  5602 | Abyss:1  | Noticed an angel
  5678 | Abyss:1  | Noticed a starcursed mass
  5695 | Abyss:1  | Noticed a ynoxinul
  5699 | Abyss:1  | HP: 2/41 [starcursed mass/accursed screaming (13)]
  5712 | Abyss:1  | Noticed a thrashing horror
  5716 | D:5      | Escaped the Abyss
  5718 | D:5      | Killed Crazy Yiuf
  5718 | D:5      | Reached * piety under Vehumet
  5718 | D:5      | Offered knowledge of Shock by Vehumet.
  6110 | D:6      | Reached skill level 9 in Earth Magic
  6118 | D:6      | Reached skill level 1 in Fighting
  6344 | D:6      | You fall through a shaft!
  6411 | D:7      | Reached XP level 9. HP: 50/50 MP: 15/19
  6435 | D:7      | Noticed Pikel
  6441 | D:7      | Killed Pikel
  6654 | D:7      | Reached skill level 1 in Maces & Flails
  6705 | D:7      | Found a basalt altar of Yredelemnul.
  6707 | D:7      | Found Nahaloro's Assorted Antiques.
  6812 | D:7      | Reached skill level 5 in Fighting
  6831 | D:7      | Reached skill level 10 in Earth Magic
  7820 | D:8      | Reached XP level 10. HP: 33/59 MP: 15/21
  7962 | D:8      | Reached ** piety under Vehumet
  7966 | D:8      | Offered knowledge of Flame Tongue by Vehumet.
  8496 | D:9      | Noticed Maurice
  8498 | D:9      | Killed Maurice
  8498 | D:9      | Reached skill level 1 in Armour
  8635 | D:9      | Found a snail-covered altar of Cheibriados.
  8635 | D:9      | Noticed Grum
  8644 | D:9      | Killed Grum
  8653 | D:9      | Offered knowledge of Inner Flame by Vehumet.
  8779 | D:9      | Found a stormy altar of Qazlal.
  8837 | D:9      | Reached skill level 11 in Earth Magic
  8905 | D:9      | Reached *** piety under Vehumet
  9143 | D:9      | Noticed a two-headed ogre
  9154 | D:9      | Killed a two-headed ogre
  9387 | D:9      | Found a staircase to the Orcish Mines.
  9581 | D:9      | Reached XP level 11. HP: 62/64 MP: 17/23
  9601 | D:9      | Found a snail-covered altar of Cheibriados.
  9641 | D:9      | Offered knowledge of Static Discharge by Vehumet.
  9795 | D:10     | Entered Level 10 of the Dungeon
 10278 | D:10     | Identified the Disquisition on the Aerial Escort
 10621 | D:11     | Noticed a two-headed ogre
 10626 | D:11     | Noticed a two-headed ogre
 10634 | D:11     | Killed a two-headed ogre
 10634 | D:11     | Reached skill level 5 in Maces & Flails
 10634 | D:11     | Reached skill level 5 in Armour
 10636 | D:11     | Noticed Josephine
 10684 | D:11     | Killed Josephine
 10684 | D:11     | Reached skill level 5 in Dodging
 10684 | D:11     | Reached skill level 12 in Earth Magic
 10915 | D:11     | Reached **** piety under Vehumet
 11043 | D:11     | Learned a level 2 spell: Blink
 11075 | D:11     | Found a staircase to the Lair.
 11078 | D:11     | Killed a two-headed ogre
 11078 | D:11     | Reached skill level 1 in Translocations
 11096 | D:11     | Noticed a cyclops
 11106 | Lair:1   | Entered Level 1 of the Lair of Beasts
 11812 | Lair:1   | Offered knowledge of Dazzling Spray by Vehumet.
 12035 | Lair:1   | Learned a level 3 spell: Conjure Flame
 12298 | Lair:1   | Learned a level 3 spell: Stone Arrow
 12511 | Lair:2   | Found a blossoming altar of Fedhas.
 12520 | Lair:2   | Reached skill level 1 in Fire Magic
 12520 | Lair:2   | Reached XP level 12. HP: 72/72 MP: 14/25
 12608 | Lair:2   | Found a hole to the Spider Nest.
 13011 | Lair:2   | Found a staircase to the Shoals.
 13414 | Lair:3   | Reached skill level 1 in Conjurations
 13414 | Lair:3   | Reached skill level 1 in Evocations
 13840 | Lair:3   | Reached skill level 10 in Spellcasting
 14574 | Lair:4   | Reached skill level 13 in Earth Magic
 15554 | Lair:4   | Noticed Snorg
 15572 | Lair:4   | Killed Snorg
 15833 | Lair:4   | Reached XP level 13. HP: 66/79 MP: 27/27
 15856 | Lair:5   | Reached skill level 5 in Evocations
 16005 | Lair:5   | Reached ***** piety under Vehumet
 16133 | Lair:5   | Offered knowledge of Iskenderun's Mystic Blast by Vehumet.
 17151 | Lair:5   | Found a staircase to the Slime Pits.
 17768 | Lair:6   | Entered Level 6 of the Lair of Beasts
 17768 | Lair:6   | Noticed Gingerlord's ghost (journeyman SpEn)
 17773 | Lair:6   | Killed Gingerlord's ghost
 17919 | Lair:6   | Noticed mistaj's ghost (journeyman DDFi)
 18433 | Lair:6   | Reached skill level 14 in Earth Magic
 19145 | Lair:6   | Reached skill level 10 in Fighting
 19199 | Lair:6   | Gained mutation: Your large and strong wings let you fly indefinitely. [Gargoyle growth]
 19199 | Lair:6   | Reached XP level 14. HP: 69/88 MP: 4/28
 20306 | Lair:6   | Noticed a dire elephant
 20306 | Lair:6   | Noticed a dire elephant
 20468 | Lair:6   | Noticed a dire elephant
 21803 | Orc:1    | Entered Level 1 of the Orcish Mines
 22331 | Orc:1    | Offered knowledge of Poison Arrow by Vehumet.
 22479 | Orc:1    | Noticed an orc warlord
 22804 | D:9      | Killed an orc warlord
 23419 | Orc:2    | Entered Level 2 of the Orcish Mines
 24651 | Orc:2    | Found a roughly hewn altar of Beogh.
 24653 | Orc:2    | Noticed a stone giant
 24664 | Orc:2    | Killed a stone giant
 25021 | Orc:2    | Found Deanintus's Jewellery Emporium.
 25031 | Orc:2    | Found Qioseme's Jewellery Shoppe.
 25049 | Orc:2    | Bought the ring "Saarph" {Wiz *Contam rC+ Int+7 Stlth+} for 1006 gold pieces
 25349 | Orc:2    | Offered knowledge of Yara's Violent Unravelling by Vehumet.
 25360 | Orc:2    | Learned a level 5 spell: Yara's Violent Unravelling
 25505 | Orc:2    | Noticed an orc warlord
 25521 | Orc:2    | Killed an orc warlord
 25674 | Orc:2    | Found a roughly hewn altar of Beogh.
 25826 | Orc:2    | Reached skill level 1 in Staves
 25852 | Orc:2    | Reached skill level 15 in Earth Magic
 25984 | Orc:2    | Found Maxkagych's Book Boutique.
 26020 | Orc:2    | Found Murawn's Jewellery Emporium.
 26087 | Orc:2    | Reached XP level 15. HP: 95/95 MP: 20/29
 26373 | Orc:2    | Found a staircase to the Elven Halls.
 27241 | D:12     | Offered knowledge of Spellforged Servitor by Vehumet.
 27686 | D:12     | Found Guqer's Assorted Antiques.
 27697 | D:12     | Bought a metal-bound book for 345 gold pieces
 27719 | D:12     | Learned a level 9 spell: Shatter
 27726 | D:12     | Learned a level 6 spell: Iron Shot
 27780 | D:12     | Found Hoinnuma's Gadget Emporium.
 29230 | D:14     | Reached skill level 16 in Earth Magic
 29347 | D:14     | Found a gate to the Vaults.
 29400 | D:14     | Offered knowledge of Freezing Cloud by Vehumet.
 29693 | D:15     | Entered Level 15 of the Dungeon
 30401 | D:15     | Reached skill level 17 in Earth Magic
 30676 | D:15     | Found a staircase to the Depths.
 30954 | Lair:6   | Reached XP level 16. HP: 75/100 MP: 5/31
 31284 | Lair:6   | Got a translucent leather armour
 31295 | Lair:6   | Identified the +2 leather armour of the Heavens {rElec MR- Str+2} (You found it on level 6 of the Lair of Beasts)
 31770 | Lair:2   | Learned a level 5 spell: Bolt of Magma
 31799 | Shoals:1 | Entered Level 1 of the Shoals
 32131 | Shoals:2 | Reached skill level 18 in Earth Magic
 32216 | Shoals:1 | Offered knowledge of Orb of Destruction by Vehumet.
 32780 | D:4      | Got a transparent leather armour
 32791 | D:4      | Identified the +4 leather armour of Anarchy {rElec Slay+2} (You found it on level 4 of the Dungeon)
 33268 | Orc:2    | Bought an uncursed ring of protection from magic for 400 gold pieces
 33819 | Shoals:1 | Noticed a kraken
 35944 | Shoals:4 | Entered Level 4 of the Shoals
 36033 | Shoals:4 | Reached skill level 19 in Earth Magic
 36360 | Shoals:4 | Noticed a kraken
 36602 | Shoals:4 | Reached XP level 17. HP: 98/106 MP: 12/33
 36607 | Shoals:4 | Noticed Ilsuiw
 36762 | Shoals:4 | Killed Ilsuiw
 38616 | Shoals:4 | Killed a kraken
 39235 | Shoals:4 | Reached skill level 20 in Earth Magic
 39253 | Shoals:4 | Offered knowledge of Conjure Ball Lightning by Vehumet.
 39349 | Shoals:4 | Got a barnacled rune of Zot
 39428 | Shoals:1 | Killed a kraken
 39839 | Spider:1 | Entered Level 1 of the Spider Nest
 41070 | Spider:2 | Reached XP level 18. HP: 81/114 MP: 27/35
 43306 | Spider:4 | Entered Level 4 of the Spider Nest
 43436 | Spider:4 | Reached skill level 21 in Earth Magic
 44057 | Spider:4 | Reached ****** piety under Vehumet
 44688 | Spider:4 | Offered knowledge of Lehudib's Crystal Spear by Vehumet.
 44688 | Spider:4 | Offered knowledge of Fire Storm by Vehumet.
 44688 | Spider:4 | Offered knowledge of Tornado by Vehumet.
 44764 | Spider:4 | Got a gossamer rune of Zot
 45112 | Elf:1    | Entered Level 1 of the Elven Halls
 45172 | Elf:1    | Found a huge runed gate.
 45172 | Elf:1    | Found a huge runed gate.
 45172 | Elf:1    | Found a huge runed gate.
 45172 | Elf:1    | Found a huge runed gate.
 45173 | Elf:1    | Found a huge runed gate.
 45175 | Elf:1    | Found a huge runed gate.
 45176 | Elf:1    | Found a huge runed gate.
 45178 | Elf:1    | Found a huge runed gate.
 45179 | Elf:1    | Found a huge runed gate.
 45179 | Elf:1    | Found a huge runed gate.
 45186 | Elf:1    | Found Vuth's Jewellery Shoppe.
 45186 | Elf:1    | Found Qayta's Distillery.
 45216 | Elf:1    | Found Pyzah's Gadget Boutique.
 45300 | Elf:1    | Noticed Asterion
 45308 | Elf:1    | Killed Asterion
 45512 | Elf:1    | Reached XP level 19. HP: 121/121 MP: 23/37
 45654 | Elf:1    | Found Dufiki's Food Shop.
 46024 | Elf:1    | Found Jeofiacu's Magic Scroll Shoppe.
 46045 | Elf:1    | Found a huge runed gate.
 46046 | Elf:1    | Found a huge runed gate.
 46046 | Elf:1    | Found a huge runed gate.
 46049 | Elf:1    | Found a huge runed gate.
 46050 | Elf:1    | Found a huge runed gate.
 46051 | Elf:1    | Found a huge runed gate.
 46053 | Elf:1    | Found a huge runed gate.
 46053 | Elf:1    | Found a huge runed gate.
 46061 | Elf:1    | Found a huge runed gate.
 46061 | Elf:1    | Found a huge runed gate.
 46061 | Elf:1    | Found a huge runed gate.
 46061 | Elf:1    | Found a huge runed gate.
 46062 | Elf:1    | Found a huge runed gate.
 46063 | Elf:1    | Found a huge runed gate.
 46064 | Elf:1    | Found a huge runed gate.
 46072 | Elf:1    | Found a huge runed gate.
 46072 | Elf:1    | Found a huge runed gate.
 46072 | Elf:1    | Found a huge runed gate.
 46187 | Elf:1    | Reached skill level 22 in Earth Magic
 46725 | Elf:2    | Found a runed gate.
 46725 | Elf:2    | Found a runed gate.
 46726 | Elf:2    | Found a runed gate.
 47087 | Elf:2    | Reached skill level 5 in Staves
 47557 | Elf:2    | Reached skill level 15 in Spellcasting
 47567 | Elf:2    | Learned a level 8 spell: Lehudib's Crystal Spear
 47764 | Elf:3    | Entered Level 3 of the Elven Halls
 47789 | Elf:3    | Found Vaomp's Jewellery Boutique.
 47824 | Elf:3    | Found Uvoppoq's Weapon Shoppe.
 47866 | Elf:3    | Found Imebbioxe's Armour Shoppe.
 47866 | Elf:3    | Found Aphon's Weapon Shop.
 47866 | Elf:3    | Noticed Nikola
 47869 | Elf:3    | Killed Nikola
 48052 | Elf:3    | Identified a scroll of acquirement
 48139 | Elf:3    | Found a magical portal.
 48142 | WizLab   | Entered The Chambers of the Cloud Mage
 48154 | WizLab   | Reached skill level 15 in Fighting
 48158 | WizLab   | Reached XP level 20. HP: 73/129 MP: 9/39
 48656 | Elf:3    | Reached skill level 5 in Conjurations
 48705 | Elf:3    | Got a crude amber ring
 48835 | Elf:3    | Reached skill level 23 in Earth Magic
 49162 | Elf:3    | Identified the ring "Nitziar" {rCorr Str+9 Int+4} (You took it off a deep elf elementalist on level 3 of the Elven Halls)
 49181 | Elf:3    | Got a translucent mace {flame}
 49182 | Elf:3    | Identified the +4 mace of the Real Monster {flame, *Rage rF+ MR+ Str+8} (You took it off a deep elf elementalist on level 3 of the Elven Halls)
 49333 | Elf:3    | Identified The Last Secrets of Magic
 49348 | Elf:3    | Identified Jetto's Reference Book on Contamination
 49383 | Elf:3    | Got a faintly humming ring mail
 49395 | Elf:3    | Identified the cursed +0 ring mail "Cerchaub" {rN+ rCorr Int+2 Dex-3} (You found it on level 3 of the Elven Halls)
 49932 | Vaults:1 | Entered Level 1 of the Vaults
 51534 | Vaults:2 | Reached XP level 21. HP: 136/136 MP: 31/40
 51540 | Vaults:2 | Reached skill level 10 in Armour
 52361 | Vaults:2 | Found Comuusu's Assorted Antiques.
 52414 | Vaults:2 | Reached skill level 10 in Dodging
 52621 | Vaults:2 | Got a heavily runed large shield
 52636 | Vaults:2 | Identified the +10 large shield of the Hart {*Drain rPois Regen+ Str+4} (You found it on level 2 of the Vaults)
 53716 | Vaults:3 | Reached skill level 1 in Shields
 53968 | Vaults:3 | Found a staircase to the Crypt.
 53968 | Vaults:3 | Found an ancient bone altar of Kikubaaqudgha.
 53969 | Vaults:3 | Found a basalt altar of Yredelemnul.
 54806 | Vaults:3 | Reached skill level 5 in Shields
 55827 | Vaults:4 | Reached XP level 22. HP: 145/145 MP: 41/41
 56059 | Vaults:4 | Found a flickering gateway to a bazaar.
 56077 | Bazaar   | Entered a bazaar
 56079 | Bazaar   | Found Imit Emet's Gadget Boutique.
 56083 | Bazaar   | Found Kuwnaw's Distillery.
 56083 | Bazaar   | Found Suxaek's Book Boutique.
 56083 | Bazaar   | Found Loar Deu's Armour Boutique.
 57220 | Vaults:5 | Entered Level 5 of the Vaults
 57222 | Vaults:5 | Reached skill level 24 in Earth Magic
 57233 | Vaults:5 | Noticed mistaj's ghost (adept DsMo)
 57458 | Depths:1 | Entered Level 1 of the Depths
 57697 | Depths:1 | Found a gateway to Hell.
 58568 | Depths:1 | Found a one-way gate leading to the halls of Pandemonium.
 58604 | Depths:1 | Reached skill level 10 in Shields
 58731 | Depths:1 | Found Touret's Blood Bar.
 58964 | Depths:1 | Found Ucoxon's Gadget Shop.
 58965 | Depths:1 | Found Rudinkur's Jewellery Shoppe.
 58965 | Depths:1 | Found Xoatim's Jewellery Shoppe.
 59141 | Depths:1 | Reached XP level 23. HP: 155/155 MP: 37/42
 59316 | Depths:2 | Noticed the Enchantress
 59319 | Depths:2 | Killed the Enchantress
 60816 | Depths:3 | Found a corrupted altar of Lugonu.
 60995 | Depths:3 | Shot with a bolt by a yaktaur

Skill      XL: |  1  2  3  4  5  6  7  8  9 10 11 12 13 14 15 16 17 18 19 20 21 22 23 |
---------------+----------------------------------------------------------------------+-----
Earth Magic    | 4 5 6 7 8 9 10 11 12 13 14 15 17 19 20 21 22 23 24 | 24.6
Spellcasting   | 3 4 5 6 7 8 9 10 11 12 13 14 15 | 15.0
Fighting       | 3 5 7 8 10 11 12 13 14 15 16 17 19 20 | 20.1
Dodging        | 3 4 5 6 7 8 9 10 | 10.2
Maces & Flails | 3 4 5 7 9 |  9.0
Armour         | 4 5 6 7 8 9 10 | 10.6
Translocations | 3 |  3.1
Fire Magic     | 1 2 |  2.1
Conjurations   | 2 3 7 8 |  8.6
Evocations     | 4 6 9 |  9.3
Staves         | 1 2 5 |  5.0
Shields        | 5 10 12 | 12.9
Stealth        | |  2.1
Transmutations | |  0.7

Action                   |  1- 3 |  4- 6 |  7- 9 | 10-12 | 13-15 | 16-18 | 19-21 | 22-24 || total
-------------------------+-------+-------+-------+-------+-------+-------+-------+-------++-------
Melee: Unarmed           |     7 |       |       |       |       |       |       |       ||     7
       Dagger            |   138 |   167 |   121 |       |       |       |       |       ||   426
       Whip              |       |       |    67 |   297 |       |       |       |       ||   364
       Morningstar       |       |       |       |    93 |    68 |       |       |       ||   161
       Staff             |       |       |       |       |   733 |   487 |   216 |    66 ||  1502
 Cast: Sandblast         |    24 |    34 |   108 |   159 |   212 |   325 |   269 |    73 ||  1204
       Lee's Rapid Decon |       |       |     6 |    74 |   164 |    77 |    16 |    25 ||   362
       Stone Arrow       |       |       |       |    68 |   199 |    10 |       |     1 ||   278
       Conjure Flame     |       |       |       |       |     4 |       |       |       ||     4
       Blink             |       |       |       |       |     2 |    16 |       |       ||    18
       Iron Shot         |       |       |       |       |    17 |   148 |   116 |    67 ||   348
       Bolt of Magma     |       |       |       |       |       |   105 |     1 |     3 ||   109
       Shatter           |       |       |       |       |       |     4 |    42 |    23 ||    69
       Lehudib's Crystal |       |       |       |       |       |       |    53 |    58 ||   111
       Yara's Violent Un |       |       |       |       |       |       |     1 |       ||     1
 Abil: Fly               |       |       |       |       |     1 |     3 |       |       ||     4
       Stop Flying       |       |       |       |       |     1 |     2 |       |     1 ||     4
Evoke: Wand              |       |       |       |     1 |     4 |    12 |     2 |       ||    19
  Use: Scroll            |       |       |    14 |     2 |    24 |     7 |     2 |     2 ||    51
       Potion            |       |       |       |     3 |       |     5 |     1 |     5 ||    14
 Stab: Sleeping          |     4 |     2 |     2 |       |     2 |       |       |       ||    10
  Eat: Chunk             |     3 |     3 |     9 |    37 |    32 |    33 |    46 |    27 ||   190
       Ration            |       |     1 |     2 |     1 |    13 |    13 |    11 |     8 ||    49
Armor: Robe              |    58 |    47 |    88 |    11 |       |       |       |       ||   204
       Leather armour    |       |       |       |   255 |   232 |   466 |    31 |       ||   984
       Troll leather arm |       |       |       |       |   257 |    59 |       |       ||   316
       Ring mail         |       |       |       |       |       |       |   117 |   101 ||   218
       Skin              |       |       |       |       |       |       |    12 |       ||    12
Dodge: Dodged            |   125 |   102 |   160 |   349 |   703 |   562 |   140 |   103 ||  2244
Block: Other             |       |       |       |       |       |   198 |    48 |    23 ||   269
       Reflection        |       |       |       |       |       |    12 |     9 |    25 ||    46
       Buckler           |       |       |       |       |       |       |       |    53 ||    53
